 Dungeon Crawl Stone Soup version 0.24-a0-189-g5d897e9 (console) character file.

Game seed: 14290957878394721550

28 bli the Ruffian (level 2, 0/23 HPs)
             Began as a Draconian Transmuter on Mar 16, 2019.
             Succumbed to an adder's poison
             ... on level 1 of the Dungeon.
             The game lasted 00:02:08 (1474 turns).

bli the Ruffian (Draconian Transmuter)              Turns: 1474, Time: 00:02:09

Health: 0/23       AC:  4    Str: 12    XL:     2   Next: 96%
Magic:  5/5        EV: 12    Int: 13    God:
Gold:   48         SH:  0    Dex: 11    Spells: 4/5 levels left

rFire    . . .     SeeInvis .     - Unarmed
rCold    . . .     Gourm    .   (no shield)
rNeg     . . .     Faith    .   (armour unavailable)
rPois    .         Spirit   .   (helmet restricted)
rElec    .         Reflect  .   (no cloak)
rCorr    .         Harm     .   (no gloves)
MR       .....                  (no boots)
Stlth    +.........             (no amulet)
HPRegen  0.07/turn              (no ring)
MPRegen  0.09/turn              (no ring)

@: lethally poisoned (0 -> -8)
A: unfitting armour, cold-blooded, AC +4
a: no special abilities


You were on level 1 of the Dungeon.
You were hungry.

You visited 1 branch of the dungeon, and saw 2 of its levels.

You collected 48 gold pieces.

Inventory:

Missiles
 a - 37 arrows
 d - 8 needles of confusion
 i - 27 stones (quivered)
 l - 3 tomahawks
Scrolls
 g - a scroll of blinking {unknown}
 h - a scroll of magic mapping {unknown}
 n - a scroll of remove curse {unknown}
Potions
 b - 2 potions of heal wounds {unknown}
 e - a potion of haste {unknown}
 f - a potion of berserk rage {unknown}
 j - a potion of lignification {unknown}
 k - a potion of agility {unknown}
 m - a potion of flight {unknown}
 o - a potion of cancellation {unknown}
Comestibles
 c - 3 rations


   Skills:
 * Level 1.5 Fighting
 + Level 2.0 Dodging
 + Level 0.2 Stealth
 * Level 3.8 Unarmed Combat
 - Level 2.0 Spellcasting
 - Level 2.0 Transmutations


You had 4 spell levels left.
You knew the following spells:

 Your Spells              Type           Power        Failure   Level  Hunger
a - Beastly Appendage     Tmut           #.....       11%         1    ##.....

Your spell library contained the following spells:

 Spells                   Type           Power        Failure   Level  Hunger
 Sticks to Snakes         Tmut           #.......     17%         2    ###....
 Spider Form              Tmut/Pois      #.........   45%         3    ####...
 Ice Form                 Ice/Tmut       #.......     86%         4    #####..
 Blade Hands              Tmut           #.........   97%         5    ######.


Dungeon Overview and Level Annotations

Branches:
Dungeon (2/15)

Altars:


Innate Abilities, Weirdness & Mutations

Your plain brown scales are hard. (AC +4)
You cannot fit into any form of body armour.
You are cold-blooded and may be slowed by cold attacks.


Message History

The bat closely misses you. The bat barely misses you.
Found a scroll labeled OBLASI UXARO.
You barely miss the bat. The bat barely misses you.
The kobold throws a stone.
The stone barely misses you. The bat barely misses you.
The bat barely misses you.
The kobold throws a stone.
The stone closely misses you.
You see here 2 stones.
The bat closely misses you. The adder barely misses you.
The adder closely misses you. The bat hits you but does no damage.
Found a stone staircase leading down.
The bat hits you.
* * * LOW HITPOINT WARNING * * *
The bat hits you.
* * * LOW HITPOINT WARNING * * *
There is a stone staircase leading up here.
The bat hits you but does no damage. The adder bites you.
* * * LOW HITPOINT WARNING * * *
You are lethally poisoned!
The adder poisons you! The bat hits you but does no damage.
You climb upwards.
You die...

#.###.#.###.####.....# #.....#.#
#.########.#
#..#..#####...........
##.#.....##..#######.#
#..#.##.##..##....#.#
#..#........##.##.#.#
#.......##..##.#..#.#
###.......#.##.#..#.#
##############.......#.##.#.....
##...........##.......#.##.####.#
#..........#....@........#......#
#..#######.#..#########..########
#..# #.#.............# #.....
#..# #.#.###########.# #.####
#..# #.#.....# #.# #.# #..#
#.#####.# #.###.# #..# #.......#
#.....# #..#############.#
####### #...........# #.##
#.#########.# #..## #######
#.#.........# ##..# ######≈.#.≈#


There were no monsters in sight!

Vanquished Creatures
  An adder (D:2)
  3 leopard geckos
  A bat (D:1)
  2 giant cockroaches
  2 goblins (D:1)
  A hobgoblin (D:1)
  3 kobolds
  A rat (D:1)
14 creatures vanquished.

Notes
Turn   | Place    | Note
-------+----------+-------------------------------------------
     0 | D:1      | bli the Draconian Transmuter began the quest for the Orb.
     0 | D:1      | Reached XP level 1. HP: 16/16 MP: 3/3
   758 | D:1      | Reached XP level 2. HP: 23/23 MP: 5/5
  1473 | D:2      | HP: 1/23 [adder (3)]
  1474 | D:1      | Succumbed to an adder's poison

Levels and vault maps discovered:
D:1:      lemuel_arrival_muddy, layout_basic, minmay_misc_feat_columns
D:2:      layout_rooms, nicolae_overflow_hidden_temple

Skill      XL: |  1  2 |
---------------+-------+-----
Dodging        | 2 |  2.0
Fighting       | |  1.5
Stealth        | |  0.2
Unarmed Combat | |  3.8
Spellcasting   | |  2.0
Transmutations | |  2.0

Action                   || total
-------------------------++-------
Melee: Unarmed           ||    71
       Headbutt          ||     5
       Tailslap          ||     2
       Kick              ||     1
 Cast: Beastly Appendage ||     5
 Stab: Sleeping          ||     1
  Eat: Chunk             ||     1
Armor: Skin              ||    26
Dodge: Dodged            ||    62

Table legend:
 A = Non-vault XP
 B = Vault XP
 C = Vault XP percentage of total XP
 D = Non-vault monster count
 E = Vault monster count
 F = Vault count percentage of total count
                 A         B        C        D         E       F
            +---------+---------+-------+---------+---------+-------
      Total |      40 |       0 |   0.0 |      14 |       0 |   0.0
            +---------+---------+-------+---------+---------+-------
        D:1 |      20 |       0 |   0.0 |      10 |       0 |   0.0
        D:2 |      20 |       0 |   0.0 |       4 |       0 |   0.0
            +---------+---------+-------+---------+---------+-------
